 Dungeon Sprint DCSS version 0.30.0-29-ga12c61a403 (webtiles) character file.

Game seed: 16918927164880949865

9900000 boopmooplesden the Axe Maniac (level 27, -16/249 (273) HPs)
             Began as a White Draconian Gladiator on June 23, 2023.
             Was the Champion of Makhleb.
             Killed from afar by a wretched soul (65 damage)
             ... with a bolt of negative energy
             ... in the Dungeon (Sprint VIII: "Arena of Blood").
             The game lasted 00:06:07 (99 turns).

boopmooplesden the Axe Maniac (DrGl)                  Turns: 99, Time: 00:06:07

HP:   -16/249 (273) AC: 13    Str: 22    XL:     27
MP:   37/51         EV: 34    Int:  9    God:    Makhleb [******]
Gold: 0             SH:  0    Dex: 21    Spells: 75/75 levels left

rFire   . . .        k - +∞ Axe of Woe
rCold   + . .        (shield currently unavailable)
rNeg    . . .        (body armour unavailable)
rPois   .            b - +0 hat
rElec   .            (no cloak)
rCorr   .            (no gloves)
SInv    .            (no boots)
Will    ++...        (no amulet)
Stlth   ++++++++++   (no ring)
HPRegen 0.61/turn    (no ring)
MPRegen 0.32/turn

%: no teleportation
@: drained
A: breathe frost, AC +13, unfitting armour, cold resistance 1, cold-blooded
a: Breathe Frost, Renounce Religion, Minor Destruction, Lesser Servant of
Makhleb, Major Destruction, Greater Servant of Makhleb


You were in the Dungeon.
You worshipped Makhleb.
Makhleb was exalted by your worship.
You visited 1 branch

Inventory:

Hand Weapons
 a - a +0 war axe
 k - the +∞ Axe of Woe (weapon)
   (You found it in the Dungeon)
Missiles
 c - 3 throwing nets (quivered)
 d - a javelin
Armour
 b - a +0 hat (worn)
Potions
 e - a potion of curing
 f - a potion of heal wounds
 g - a potion of haste
 h - 2 potions of magic
 i - a potion of berserk rage


   Skills:
 O Level 27 Fighting
 + Level 26.9(27) Short Blades
 + Level 25.0(27) Long Blades
 O Level 27 Axes
 + Level 25.0(27) Maces & Flails
 + Level 25.0(27) Polearms
 + Level 25.0(27) Staves
 + Level 23.2 Ranged Weapons
 O Level 27 Throwing
 O Level 27 Dodging
 O Level 27 Stealth
 + Level 26.5 Shields
 + Level 26.6 Unarmed Combat
 + Level 24.6 Spellcasting
 + Level 26.6 Conjurations
 + Level 24.6 Hexes
 + Level 26.9 Summonings
 + Level 26.9 Necromancy
 + Level 26.9 Translocations
 + Level 26.9 Transmutations
 + Level 23.1 Fire Magic
 O Level 27 Ice Magic
 + Level 26.9 Air Magic
 + Level 26.9 Earth Magic
 + Level 26.9 Poison Magic
 O Level 27 Invocations
 + Level 26.9 Evocations


You had 75 spell levels left.
You didn't know any spells.
Your spell library was empty.

Dungeon Overview and Level Annotations

Branches:
Dungeon (1/1)

Altars:
Makhleb


Innate Abilities, Weirdness & Mutations

You can breathe waves of freezing cold which knock back foes.
Your icy white scales are hard. (AC +13)
You cannot fit into any form of body armour.
Your flesh is cold resistant. (rC+)
You are cold-blooded and may be slowed by cold attacks.


Message History

You feel drained.
* * * LOW HITPOINT WARNING * * *
You hear a shout!
The accursed points at you and mumbles some strange words.
Something smites you!
* * * LOW HITPOINT WARNING * * *
You hear a shout!
Things that are here:
a +9 battleaxe; a +30 ring of slaying; a meat berserker corpse You hear a shout! x8
You slash something!
You fatally mangle something.
Makhleb accepts your kill.
You feel better.
Reactivating autopickup.
You feel a bit more experienced.
You hear a shout! x3
The accursed gestures at you while chanting.
Something smites you!
* * * LOW HITPOINT WARNING * * *
You hear a shout!
The accursed casts a spell at you. Something smites you!
* * * LOW HITPOINT WARNING * * *
Your life force feels restored.
Your base Long Blades skill increases to level 25!
Your base Maces & Flails skill increases to level 25!
Your base Polearms skill increases to level 25!
Your base Staves skill increases to level 25!
Unknown command.
An accursed and a tyrant come into view.
You hear a shout!
You feel something staring at you. Something smites you!
* * * LOW HITPOINT WARNING * * *
You hear a shout! x2
The tyrant moves out of view.
You hear a shout! x3
A bolt of negative energy appears from out of thin air!
Deactivating autopickup; reactivate with Ctrl-A.
The bolt of negative energy hits you!!!
You feel drained.
You die...

...#..)° .L.... ..
...#.○.☼ .....# ...
.....°.. #
....#.#.#.......°.. #.
.M...#.# .......... #..#
#...#.#.#........M.
#.... #..o#.#.....#....)
#.....#....o..........))
#......@##O.z....##M#)).
####.....##.....M......)
####...{M.####.L..#))
####).....)†....))
####.)))))).)))
####..)....= #########


You could see an accursed, a tyrant (wandering) and 2 bags of meat.

Vanquished Creatures
  7 hell beasts (D)
  4 royal mummies (D)
  Harold (D)
  6 vampire knights (D)
  21 ogres (D)
  5 two-headed ogres (D)
  2 liches (D)
  2 hydras (D)
  3 phantoms (D)
  45 orcs (D)
  5 skeletal warriors (D)
101 creatures vanquished.

Vanquished Creatures (collateral kills)
  An orc (D)
1 creature vanquished.

Vanquished Creatures (others)
  A two-headed ogre (D)
  An orc (D)
2 creatures vanquished.

Grand Total: 104 creatures vanquished

Notes
Turn   | Place    | Note
-------+----------+-------------------------------------------
     0 | D        | Found the +∞ Axe of Woe
     0 | D        | boopmooplesden the Draconian Gladiator began the quest for
                  | the Orb.
     0 | D        | Reached XP level 1. HP: 17/17 MP: 1/1
     1 | D        | Noticed a bag of meat
     2 | D        | Noticed a bag of meat
     4 | D        | Became a worshipper of Makhleb the Destroyer
     4 | D        | Noticed a bag of meat
     4 | D        | Noticed a bag of meat
     5 | D        | Killed a bag of meat
     6 | D        | Reached skill level 10 in Fighting
     6 | D        | Reached skill level 15 in Dodging
     6 | D        | Reached XP level 2. HP: 38/38 MP: 2/2
     6 | D        | Reached XP level 3. HP: 45/45 MP: 3/3
     6 | D        | Reached XP level 4. HP: 51/51 MP: 4/4
     6 | D        | Reached XP level 5. HP: 58/58 MP: 5/5
     6 | D        | Reached XP level 6. HP: 66/66 MP: 6/6
     6 | D        | Your scales start taking on an icy white colour.
     6 | D        | Reached XP level 7. HP: 72/72 MP: 7/7
     6 | D        | Gained mutation: Your flesh is cold resistant. (rC+) [White
                  | Draconian growth]
     6 | D        | Reached XP level 8. HP: 79/79 MP: 8/8
     6 | D        | Reached XP level 9. HP: 85/85 MP: 9/9
     6 | D        | Reached XP level 10. HP: 93/93 MP: 10/10
     6 | D        | Noticed a meat berserker
     7 | D        | Noticed a bag of meat
     7 | D        | Noticed a meat berserker
     7 | D        | Noticed a bag of meat
     8 | D        | Noticed a bag of meat
     8 | D        | Noticed a bag of meat
     8 | D        | Noticed a bag of meat
     8 | D        | Noticed a bag of meat
     8 | D        | Noticed a bag of meat
     9 | D        | Noticed a bag of meat
     9 | D        | Noticed a large bag of meat
     9 | D        | Noticed a bag of meat
     9 | D        | Noticed a bag of meat
     9 | D        | Noticed a bag of meat
     9 | D        | Noticed a bag of meat
    10 | D        | Noticed a bag of meat
    10 | D        | Noticed a bag of meat
    10 | D        | Noticed a bag of meat
    10 | D        | Noticed a bag of meat
    11 | D        | Killed a bag of meat
    11 | D        | Reached * piety under Makhleb
    11 | D        | Killed a bag of meat
    11 | D        | Killed a meat berserker
    11 | D        | Noticed a bag of meat
    12 | D        | Reached XP level 11. HP: 111/111 MP: 11/11
    12 | D        | Reached XP level 12. HP: 118/118 MP: 12/12
    12 | D        | Reached XP level 13. HP: 125/125 MP: 13/13
    12 | D        | Killed a meat berserker
    12 | D        | Reached ** piety under Makhleb
    12 | D        | Killed a bag of meat
    13 | D        | Reached XP level 14. HP: 138/138 MP: 14/14
    13 | D        | Noticed a bag of meat
    14 | D        | Killed a bag of meat
    14 | D        | Killed a bag of meat
    14 | D        | Reached *** piety under Makhleb
    14 | D        | Killed a bag of meat
    14 | D        | Killed a bag of meat
    14 | D        | Noticed a meat berserker
    14 | D        | Noticed a bag of meat
    14 | D        | Noticed a meat berserker
    14 | D        | Noticed a meat berserker
    15 | D        | Reached skill level 27 in Axes
    15 | D        | Reached XP level 15. HP: 152/152 MP: 15/15
    15 | D        | Reached **** piety under Makhleb
    16 | D        | Reached skill level 15 in Throwing
    16 | D        | Noticed a meat berserker
    17 | D        | Reached skill level 27 in Dodging
    17 | D        | Reached XP level 16. HP: 174/174 MP: 16/16
    17 | D        | Killed a large bag of meat
    17 | D        | Reached ***** piety under Makhleb
    17 | D        | Noticed a meat berserker
    18 | D        | Reached skill level 27 in Fighting
    19 | D        | Killed a meat berserker
    19 | D        | Noticed a large bag of meat
    19 | D        | Noticed a meat berserker
    20 | D        | Reached XP level 17. HP: 191/191 MP: 17/17
    20 | D        | Noticed a large bag of meat
    21 | D        | Noticed a meat berserker
    21 | D        | Noticed a large bag of meat
    21 | D        | Killed a meat berserker
    22 | D        | Reached skill level 27 in Throwing
    22 | D        | Killed a meat berserker
    22 | D        | Reached ****** piety under Makhleb
    22 | D        | Killed a meat berserker
    23 | D        | Reached skill level 27 in Stealth
    23 | D        | Reached XP level 18. HP: 200/200 MP: 18/18
    23 | D        | Killed a meat berserker
    24 | D        | Reached skill level 5 in Short Blades
    24 | D        | Reached skill level 5 in Summonings
    24 | D        | Reached skill level 5 in Necromancy
    24 | D        | Reached skill level 5 in Translocations
    24 | D        | Reached skill level 5 in Transmutations
    24 | D        | Reached skill level 5 in Air Magic
    24 | D        | Reached skill level 5 in Earth Magic
    24 | D        | Reached skill level 5 in Poison Magic
    24 | D        | Reached skill level 5 in Invocations
    24 | D        | Reached skill level 5 in Evocations
    25 | D        | Reached skill level 5 in Ranged Weapons
    25 | D        | Reached skill level 5 in Spellcasting
    25 | D        | Reached skill level 5 in Hexes
    25 | D        | Reached skill level 5 in Fire Magic
    25 | D        | Reached XP level 19. HP: 207/207 MP: 18/27
    25 | D        | Killed a meat berserker
    25 | D        | Noticed a meat berserker
    26 | D        | Reached skill level 10 in Ice Magic
    26 | D        | Noticed a large bag of meat
    26 | D        | Noticed a large bag of meat
    26 | D        | Noticed a meat berserker
    27 | D        | Noticed a destroyer
    27 | D        | Killed a meat berserker
    27 | D        | Noticed a destroyer
    28 | D        | Reached skill level 10 in Short Blades
    28 | D        | Reached skill level 10 in Summonings
    28 | D        | Reached skill level 10 in Necromancy
    28 | D        | Reached skill level 10 in Translocations
    28 | D        | Reached skill level 10 in Transmutations
    28 | D        | Reached skill level 10 in Air Magic
    28 | D        | Reached skill level 10 in Earth Magic
    28 | D        | Reached skill level 10 in Poison Magic
    28 | D        | Reached skill level 10 in Evocations
    28 | D        | Killed a large bag of meat
    29 | D        | Reached skill level 10 in Long Blades
    29 | D        | Reached skill level 10 in Maces & Flails
    29 | D        | Reached skill level 10 in Polearms
    29 | D        | Reached skill level 10 in Staves
    29 | D        | Reached skill level 10 in Shields
    29 | D        | Reached skill level 10 in Unarmed Combat
    29 | D        | Reached skill level 10 in Conjurations
    29 | D        | Reached XP level 20. HP: 169/216 MP: 18/33
    29 | D        | Noticed an eight-headed meat hydra
    30 | D        | Noticed a meat berserker
    30 | D        | Noticed a destroyer
    32 | D        | Noticed a destroyer
    33 | D        | Killed a destroyer
    34 | D        | Killed a large bag of meat
    34 | D        | Killed a large bag of meat
    35 | D        | Killed a destroyer
    35 | D        | Noticed a meat berserker
    36 | D        | Reached skill level 27 in Invocations
    36 | D        | Killed a meat berserker
    36 | D        | Killed a destroyer
    36 | D        | Killed a meat berserker
    37 | D        | Reached skill level 10 in Ranged Weapons
    37 | D        | Reached skill level 10 in Spellcasting
    37 | D        | Reached skill level 10 in Hexes
    37 | D        | Reached skill level 10 in Fire Magic
    37 | D        | Reached skill level 15 in Ice Magic
    37 | D        | Reached XP level 21. HP: 159/224 MP: 20/38
    40 | D        | Noticed The Servant
    41 | D        | Noticed a destroyer
    43 | D        | Noticed a destroyer
    45 | D        | Killed a destroyer
    45 | D        | Killed a large bag of meat
    46 | D        | Noticed an accursed
    48 | D        | Killed a destroyer
    49 | D        | Reached skill level 15 in Short Blades
    49 | D        | Reached skill level 15 in Summonings
    49 | D        | Reached skill level 15 in Necromancy
    49 | D        | Reached skill level 15 in Translocations
    49 | D        | Reached skill level 15 in Transmutations
    49 | D        | Reached skill level 15 in Air Magic
    49 | D        | Reached skill level 15 in Earth Magic
    49 | D        | Reached skill level 15 in Poison Magic
    49 | D        | Reached skill level 15 in Evocations
    49 | D        | Reached XP level 22. HP: 57/233 MP: 22/39
    50 | D        | Noticed an accursed
    50 | D        | Killed a destroyer
    51 | D        | Noticed an accursed
    52 | D        | Reached skill level 15 in Shields
    52 | D        | Reached skill level 15 in Unarmed Combat
    52 | D        | Reached skill level 15 in Conjurations
    53 | D        | Killed an accursed
    54 | D        | HP: 8/233 [accursed/divine providence (17)]
    55 | D        | Killed The Servant
    57 | D        | Killed an accursed
    58 | D        | Reached skill level 15 in Long Blades
    58 | D        | Reached skill level 15 in Maces & Flails
    58 | D        | Reached skill level 15 in Polearms
    58 | D        | Reached skill level 15 in Staves
    58 | D        | Reached skill level 15 in Spellcasting
    58 | D        | Reached skill level 15 in Hexes
    58 | D        | Reached XP level 23. HP: 48/240 MP: 24/42
    59 | D        | Noticed a meat beast
    59 | D        | Noticed a meat beast
    59 | D        | Killed an accursed
    59 | D        | Killed a meat beast
    60 | D        | Reached skill level 15 in Ranged Weapons
    60 | D        | Reached XP level 24. HP: 127/249 MP: 25/44
    61 | D        | Killed a meat beast
    62 | D        | Killed a large bag of meat
    65 | D        | Noticed a meat beast
    66 | D        | Noticed a tyrant
    66 | D        | Noticed an accursed
    66 | D        | Noticed a meat beast
    67 | D        | Noticed a tyrant
    68 | D        | Killed a meat beast
    69 | D        | Reached XP level 25. HP: 213/257 MP: 28/46
    69 | D        | Noticed a meat beast
    71 | D        | Noticed a meat beast
    72 | D        | Killed a tyrant
    73 | D        | Killed a meat beast
    74 | D        | Reached XP level 26. HP: 209/266 MP: 30/47
    75 | D        | Killed an accursed
    75 | D        | Killed a meat beast
    76 | D        | Reached skill level 27 in Ice Magic
    80 | D        | Reached XP level 27. HP: 221/273 MP: 32/49
    80 | D        | Noticed a meat beast
    82 | D        | Killed a tyrant
    83 | D        | Killed a meat beast
    87 | D        | Noticed an accursed
    91 | D        | Noticed a large bag of meat
    92 | D        | Noticed a meat beast
    93 | D        | Noticed an accursed
    94 | D        | Killed a meat beast
    94 | D        | Noticed a tyrant
    98 | D        | Noticed an accursed
    98 | D        | Noticed a tyrant
    99 | D        | Killed from afar by a wretched soul

Illustrated notes

Levels and vault maps discovered:
D:        meatsprint

Skill      XL: |  1  2  3  4  5  6  7  8  9 10 11 12 13 14 15 16 17 18 19 20 21 22 23 24 25 26 27 |
---------------+----------------------------------------------------------------------------------+-----
Fighting       | 10 14 16 19 24 27 | 27.0
Axes           | 16 23 25 27 | 27.0
Throwing       | 7 11 12 14 17 26 27 | 27.0
Dodging        | 15 20 22 25 27 | 27.0
Stealth        | 27 | 27.0
Short Blades   | 7 11 12 15 17 19 21 22 24 26 | 26.9
Long Blades    | 6 10 11 13 15 17 19 20 22 25 | 25.0
Maces & Flails | 6 10 11 13 15 17 19 20 22 25 | 25.0
Polearms       | 6 10 11 13 15 17 19 20 22 25 | 25.0
Staves         | 6 10 11 13 15 17 19 20 22 25 | 25.0
Ranged Weapons | 5 9 10 12 14 15 17 19 20 23 | 23.2
Shields        | 6 10 11 14 16 18 20 22 24 26 | 26.5
Unarmed Combat | 6 10 11 14 16 18 20 22 24 26 | 26.6
Spellcasting   | 5 9 10 13 15 17 19 20 22 24 | 24.6
Conjurations   | 6 10 11 14 16 18 20 22 24 26 | 26.6
Hexes          | 5 9 10 13 15 17 19 20 22 24 | 24.6
Summonings     | 7 11 12 15 17 19 21 22 24 26 | 26.9
Necromancy     | 7 11 12 15 17 19 21 22 24 26 | 26.9
Translocations | 7 11 12 15 17 19 21 22 24 26 | 26.9
Transmutations | 7 11 12 15 17 19 21 22 24 26 | 26.9
Fire Magic     | 5 9 10 12 14 16 18 19 21 23 | 23.1
Ice Magic      | 8 13 15 17 20 22 24 26 27 | 27.0
Air Magic      | 7 11 12 15 17 19 21 22 24 26 | 26.9
Earth Magic    | 7 11 12 15 17 19 21 22 24 26 | 26.9
Poison Magic   | 7 11 12 15 17 19 21 22 24 26 | 26.9
Invocations    | 7 12 27 | 27.0
Evocations     | 7 11 12 15 17 19 21 22 24 26 | 26.9

Action                     |  1- 3 |  4- 6 |  7- 9 | 10-12 | 13-15 | 16-18 | 19-21 | 22-24 | 25-27 || total
---------------------------+-------+-------+-------+-------+-------+-------+-------+-------+-------++-------
  Melee: Executioner's axe |     1 |       |       |     1 |     4 |     6 |    16 |    11 |    15 ||    54
 Invoke: Greater Servant o |       |       |       |       |       |       |     1 |       |       ||     1
         Major Destruction |       |       |       |       |       |       |       |     1 |       ||     1
    Use: Scroll            |       |       |       |       |       |       |     1 |       |       ||     1
   Stab: Distracted        |       |       |       |       |       |       |       |     1 |     1 ||     2
 Armour: Skin              |       |       |       |       |       |       |       |       |     3 ||     3
  Dodge: Dodged            |       |       |       |       |       |     1 |       |     2 |     3 ||     6
